 Dungeon Crawl Stone Soup version 0.30-a0-881-g1ff12e1e11 (webtiles) character file.

Game seed: 9870366069709886182

4257 cforsyth the Ogre Mage (level 10, -13/81 HPs)
             Began as an Ogre Fire Elementalist on Mar 14, 2023.
             Was an Initiate of Gozag.
             Killed from afar by an acid dragon (41 damage)
             ... with a splash of acid
             ... in a bailey.
             The game lasted 00:19:42 (11164 turns).

cforsyth the Ogre Mage (Ogre Fire Elementalist)    Turns: 11164, Time: 00:19:43

Health: -13/81     AC: -5    Str: 16    XL:     10   Next: 31%
Magic:  3/22       EV: 11    Int: 18    God:    Gozag
Gold:   1005       SH:  0    Dex:  9    Spells: 18/25 levels left

rFire   + . .      SeeInvis .    z - staff of fire
rCold   . . .      Faith    .    (no shield)
rNeg    . . .      Spirit   .    a - +0 robe
rPois   .          Reflect  .    (helmet restricted)
rElec   .          Rampage  .    (no cloak)
rCorr   .                        (gloves unavailable)
Will    +....                    (boots unavailable)
Stlth   ++                       (no amulet)
HPRegen 0.33/turn                (no ring)
MPRegen 0.18/turn                (no ring)

@: corroded, gold aura
A: large, unfitting armour, tough skin 1
a: Renounce Religion, Potion Petition, Call Merchant, Bribe Branch


You were in a bailey.
You worshipped Gozag.
Gozag was most pleased with you.
You visited 1 branch of the dungeon, and saw 8 of its levels.
You also visited: Bailey.

You collected 1054 gold pieces.
You paid 49 gold pieces to Gozag.

Inventory:

Missiles
 s - a throwing net
Armour
 a - a +0 robe (worn)
Magical Staves
 z - a staff of fire (weapon)
Jewellery
 c - a ring of flight
 j - a ring of wizardry
 A - an amulet of the acrobat
Wands
 m - a wand of charming (3)
 v - a wand of flame (37)
Scrolls
 d - 2 scrolls of immolation
 e - a scroll of magic mapping
 i - 3 scrolls of teleportation
 o - 2 scrolls of amnesia
 r - a scroll of acquirement {unknown}
 t - a scroll of poison {unknown}
 u - 2 scrolls of torment {unknown}
 w - a scroll of fog
 x - a scroll of identify
 y - a scroll of vulnerability {unknown}
Potions
 f - a potion of curing
 g - a potion of mutation
 h - 2 potions of heal wounds
 k - 2 potions of might
 l - a potion of attraction
 n - 2 potions of cancellation
 p - a potion of flight
 q - 2 potions of haste


   Skills:
 + Level 6.9 Dodging
 - Level 1.9 Stealth
 + Level 8.4 Spellcasting
 + Level 6.6 Conjurations
 + Level 7.3 Fire Magic


You had 18 spell levels left.
You knew the following spells:

 Your Spells              Type           Power      Damage    Failure   Level
a - Foxfire               Conj/Fire      100%       2x1d9     1%          1
b - Scorch                Fire           100%       2d10      1%          2
c - Flame Wave            Conj/Fire      49%        2d12      5%          4

Your spell library contained the following spells:

 Spells                   Type           Power      Damage    Failure   Level
 Sticky Flame             Conj/Fire      49%        2d7       5%          4
 Inner Flame              Hex/Fire       31%        N/A       6%          3
 Hailstorm                Conj/Ice       19%        3d6       7%          3
 Stone Arrow              Conj/Erth      38%        3d9       7%          3
 Beastly Appendage        Tmut           14%        N/A       10%         1
 Sandblast                Erth           14%        2d6       10%         1
 Ignite Poison            Fire/Tmut/Pois 24%        N/A       11%         3
 Kindle Blastsparks       Fire/Tloc/Air  48%        2d14      11%         3
 Passwall                 Tmut/Erth      5%         N/A       14%         2
 Wereblood                Tmut           7%         N/A       14%         2
 Spider Form              Tmut/Pois      7%         N/A       28%         3
 Metabolic Englaciation   Hex/Ice        3%         N/A       95%         5
 Conjure Ball Lightning   Conj/Air       9%         3x3d6     98%         6
 Ignition                 Fire           25%        3d8       100%        8
 Simulacrum               Ice/Necr       Unusable   N/A       N/A         6

Dungeon Overview and Level Annotations

Branches:
Dungeon (8/15)             Temple (0/1) D:4          Bailey (1/1)
   Lair: D:8-11

Altars:
Ashenzari
Cheibriados
Dithmenos
Gozag
Okawaru
Ru
Trog
Uskayaw
The Shining One

Shops:
D:2 *   D:4 *[   D:7 *(?**


Innate Abilities, Weirdness & Mutations

You are too large for most types of armour.
You have tough skin. (AC +1)


Message History

The acid dragon's fire resistance burns away.
The acid dragon spits acid at you. The splash of acid hits you!
The acid corrodes you!
The spriggan drinks a potion.
The spriggan seems to speed up.
You are too injured to fight recklessly!
Casting: Scorch (safe; 1% risk of failure)
Confirm with . or Enter, or press ? or * to list all spells.
You feel a surge of power!
Flames lash the acid dragon but do no damage.
Casting: Scorch (safe; 1% risk of failure)
Confirm with . or Enter, or press ? or * to list all spells.
You feel a surge of power!
Flames lash the spriggan.
The spriggan is burned terribly!
You kill the spriggan!
You are too injured to fight recklessly!
Casting: Scorch (safe; 1% risk of failure)
Confirm with . or Enter, or press ? or * to list all spells.
You feel a surge of power!
You conjure some foxfire!
The acid dragon bites you!
* * * LOW HITPOINT WARNING * * *
The acid dragon closely misses you.
You feel much better.
The acid dragon is no longer more vulnerable to fire.
The foxfire hits the acid dragon.
The acid dragon is moderately wounded.
The foxfire hits the acid dragon.
The acid dragon is heavily wounded.
The acid dragon barely misses you. The acid dragon claws you.
Casting: Foxfire (safe; 1% risk of failure)
Confirm with . or Enter, or press ? or * to list all spells.
You feel a surge of power!
You conjure some foxfire!
The acid dragon bites you! The acid dragon claws you.
An ogre comes into view. It is wielding a +0 halberd.
Casting: Foxfire (safe; 1% risk of failure)
Confirm with . or Enter, or press ? or * to list all spells.
You feel a surge of power!
You conjure some foxfire!
The acid dragon spits acid at you. The splash of acid hits you!!!
Ouch! That really hurt!
You die...
Your body crumbles into a pile of gold.

##..#######..##
#..##. #♣..##
#..##. ##..##
#..##.O ♣#..#
#..#..♣ ♣..# #.
#..♣ ♣..# #.
♣$.♣ #..# # ♣vD♣
.#..# #v@♣♣
..#..#
♣#vv♣♣♣♣♣..#♣..#
##..)....##..##
..#♣#♣)####..##
#....~~))...##
##.........##
##.......##
#########


You could see an acid dragon (catching breath, ally target) and an ogre.

Vanquished Creatures
  A two-headed ogre (Bailey)
  Pikel (D:4)
  7 spriggans (Bailey)
  A wyvern (D:6)
  A sky beast (D:7)
  2 black bears
  An orc warrior (D:7)
  6 ogres
  A phantom (D:7)
  3 lemures
  2 bullfrogs
  2 scorpions
  6 hounds
  2 jellies (D:4)
  A gnoll bouda (D:7)
  3 orc priests
  2 iguanas
  5 orc wizards
  2 sleepcaps (D:6)
  Robin (D:2)
  6 gnolls
  7 adders
  A shadow imp (D:7)
  An ufetubus (D:6)
  A worm (D:5)
  4 dart slugs
  20 orcs
  3 bats
  7 endoplasms
  2 giant cockroaches
  7 hobgoblins
  2 quokkas
  7 ball pythons
  21 goblins
  8 kobolds
  5 rats
152 creatures vanquished.

Vanquished Creatures (collateral kills)
  4 foxfires
4 creatures vanquished.

Vanquished Creatures (others)
  940 foxfires
  2 plants (D:3)
942 creatures vanquished.

Grand Total: 1098 creatures vanquished

Notes
Turn   | Place    | Note
-------+----------+-------------------------------------------
     0 | D:1      | cforsyth the Ogre Fire Elementalist began the quest for the
                  | Orb.
     0 | D:1      | Reached XP level 1. HP: 16/16 MP: 3/3
    50 | D:1      | Reached skill level 1 in Conjurations
   177 | D:1      | Reached XP level 2. HP: 23/24 MP: 0/5
   900 | D:1      | You fall into a shaft and drop 1 floor!
   950 | D:2      | Reached XP level 3. HP: 28/31 MP: 2/7
  1304 | D:2      | Noticed Robin
  1322 | D:2      | Reached skill level 3 in Spellcasting
  1372 | D:2      | Found Iclolir's General Store.
  1705 | D:2      | Reached XP level 4. HP: 38/39 MP: 2/8
  2135 | D:1      | Found a faded altar of an unknown god.
  2547 | D:2      | Killed Robin
  2838 | D:3      | Found a bloodstained altar of Trog.
  3025 | D:3      | Found an opulent altar of Gozag.
  3039 | D:3      | Found a sacrificial altar of Ru.
  3548 | D:3      | Found an iron altar of Okawaru.
  3553 | D:3      | Reached XP level 5. HP: 45/45 MP: 5/9
  3651 | D:3      | Became a worshipper of Gozag Ym Sagoz the Greedy
  4380 | D:4      | Noticed a lemure
  4381 | D:4      | Noticed a lemure
  4382 | D:4      | Noticed a lemure
  4383 | D:4      | Noticed Pikel
  4383 | D:4      | Noticed a lemure
  4408 | D:3      | Learned a level 2 spell: Scorch
  4413 | D:3      | Learned a level 4 spell: Flame Wave
  4518 | D:3      | Killed a lemure
  4763 | D:4      | Killed a lemure
  5160 | D:3      | Killed a lemure
  5703 | D:4      | Killed Pikel
  5704 | D:4      | Reached skill level 4 in Spellcasting
  5704 | D:4      | Reached XP level 6. HP: 53/53 MP: 1/13
  5704 | D:4      | Reached XP level 7. HP: 59/59 MP: 1/14
  5819 | D:4      | Found Gixagh's Gadget Gallery.
  6129 | D:4      | Found a staircase to the Ecumenical Temple.
  6231 | D:4      | Got Quruxiqu's Elucidation of Fog and Hypothermia
  6270 | D:4      | Reached skill level 5 in Spellcasting
  6376 | D:4      | Found Qaatt's Antique Armour Shoppe.
  6669 | D:5      | Entered Level 5 of the Dungeon
  6698 | D:5      | Reached XP level 8. HP: 67/67 MP: 5/15
  7290 | D:5      | Reached skill level 5 in Fire Magic
  7712 | D:6      | Found a shadowy altar of Dithmenos.
  8168 | D:6      | Noticed a wyvern
  8179 | D:6      | Killed a wyvern
  8423 | D:6      | Found a snail-covered altar of Cheibriados.
  8466 | D:6      | Reached skill level 6 in Spellcasting
  9119 | D:6      | Reached skill level 5 in Dodging
  9260 | D:7      | Found a hide-covered altar of Uskayaw.
  9536 | D:7      | Found Rufehemm's General Store.
  9612 | D:7      | Found Bicusaf's Magic Scroll Boutique.
  9654 | D:7      | Reached skill level 5 in Conjurations
  9654 | D:7      | Reached XP level 9. HP: 74/74 MP: 13/18
  9956 | D:7      | Found a broken altar of Ashenzari.
  9956 | D:7      | Found a glowing golden altar of the Shining One.
 10106 | D:7      | Found Atuajih's General Store.
 10108 | D:7      | Found Ucaeh's Antique Weapon Emporium.
 10343 | D:7      | Found Ycogekh's Assorted Antiques.
 10946 | D:8      | Found a flagged portal.
 10953 | D:8      | Reached skill level 7 in Spellcasting
 10965 | Bailey   | Entered a bailey
 11037 | Bailey   | Noticed a two-headed ogre
 11049 | Bailey   | Killed a two-headed ogre
 11050 | Bailey   | Reached skill level 8 in Spellcasting
 11050 | Bailey   | Reached XP level 10. HP: 42/81 MP: 0/22
 11156 | Bailey   | Identified the +2 sling of Indomitability {heavy, rF- rC+
                  | rN+ Int+3}
 11164 | Bailey   | Killed from afar by an acid dragon

Illustrated notes

Levels and vault maps discovered:
D:1:      psy_arrival_spokes, layout_basic,
          shapermc_ecumenical_altar_mp_vishouse
D:2:      layout_basic, serial_shops, shop, uniq_robin
D:3:      layout_basic, overflow_temple_1_default, trog_three_pillars_becter,
          mainiacjoe_overflow_chevrons, mainiacjoe_overflow_six_doors_small
D:4:      layout_cave_pools, minmay_temple_entry_ruins, serial_shops,
          nicolae_shop_overgrown_old_shop, nicolae_shop_gadgets, uniq_pikel
D:5:      layout_gridville
D:6:      layout_basic, mainiacjoe_overflow_surrounded_room,
          mainiacjoe_overflow_cross_hatched
D:7:      layout_layer_cave, nicolae_overflow_crystal_walls,
          mainiacjoe_overflow_divided_tiny, serial_shops, shop,
          nicolae_shop_stone, shop_statue, nicolae_shop_trees, kennysheep_mini
D:8:      layout_basic, zin_treasury, lemuel_tele_altar,
          nicolae_qazlal_general_emergency, enter_bailey_3, enter_ossuary_3
Bailey:   bailey_polearm_enchanted_keep_hellmonk, bailey

Skill      XL: |  1  2  3  4  5  6  7  8  9 |
---------------+----------------------------+-----
Conjurations   | 1 2 3 5 6 |  6.6
Dodging        | 2 3 4 5 6 |  6.9
Fire Magic     | 3 4 5 7 |  7.3
Spellcasting   | 3 4 5 6 8 |  8.4
Stealth        | |  1.9

Action                     |  1- 3 |  4- 6 |  7- 9 | 10-12 || total
---------------------------+-------+-------+-------+-------++-------
  Melee: Unarmed           |     3 |    17 |     1 |       ||    21
         Punch             |     1 |     1 |       |       ||     2
   Cast: Foxfire           |    93 |   153 |   284 |     6 ||   536
         Scorch            |       |     8 |    22 |     6 ||    36
         Flame Wave        |       |       |     1 |       ||     1
  Evoke: Wand              |       |     6 |       |       ||     6
    Use: Scroll            |       |    10 |     6 |       ||    16
         Potion            |       |     1 |     3 |     1 ||     5
   Stab: Sleeping          |     1 |       |       |       ||     1
 Armour: Robe              |     1 |    12 |     8 |       ||    21
  Dodge: Dodged            |     8 |    37 |    41 |     4 ||    90

Table legend: (Time is in decaauts)
 A = Elapsed time spent in this place.
 B = Non-inter-level travel time spent in this place.
 C = Inter-level travel time spent in this place.
 D = Time resting spent in this place.
 E = Time spent auto-exploring this place.
 F = Levels seen in this place.
 G = Mean time per level.
                   A        B        C        D        E       F      G
               +--------+--------+--------+--------+--------+-----+--------+
         Total |  11131 |  10779 |    352 |   1208 |   7837 |   9 | 1236.8 |
       Dungeon |  10951 |  10599 |    352 |   1208 |   7837 |   8 | 1368.9 |
        Bailey |    180 |    180 |      0 |      0 |      0 |   1 |  180.0 |
               +--------+--------+--------+--------+--------+-----+--------+

Top non-repeatable levels by time:
     D:3: 2271 daAuts
     D:2: 2108 daAuts
     D:7: 1685 daAuts
     D:6: 1437 daAuts
     D:4: 1237 daAuts
     D:5: 1130 daAuts
     D:1: 1039 daAuts
  Bailey: 180 daAuts
     D:8: 40 daAuts
